 Dungeon Crawl Stone Soup version 0.25.1-11-g244df3a29b (webtiles) character file.

Game seed: 3166112065096870267

100 DeepDeath the Chopper (level 4, -12/39 HPs)
             Began as a Hill Orc Berserker on Jan 12, 2024.
             Was a Believer of Trog.
             Killed by divine providence
             ... invoked by an orc priest
              (17 damage)
             ... on level 3 of the Dungeon.
             The game lasted 00:03:36 (1950 turns).

DeepDeath the Chopper (Hill Orc Berserker)          Turns: 1950, Time: 00:03:36

Health: -12/39     AC:  2    Str: 20    XL:     4   Next: 74%
Magic:  4/4        EV: 12    Int:  7    God:    Trog [**....]
Gold:   114        SH:  0    Dex: 10    Spells: 3/3 levels left

rFire    . . .     SeeInvis .   a - +0 hand axe
rCold    . . .     Gourm    .   (no shield)
rNeg     . . .     Faith    .   b - +0 animal skin
rPois    .         Spirit   .   (no helmet)
rElec    .         Reflect  .   (no cloak)
rCorr    .         Harm     .   (no gloves)
MR       .....                  (no boots)
Stlth    +.........             (no amulet)
HPRegen  0.13/turn              (no ring)
MPRegen  0.09/turn              (no ring)

@: no status effects
A: no striking features
a: Berserk, Trog's Hand, Renounce Religion, Convert to Beogh


You were on level 3 of the Dungeon.
You worshipped Trog.
Trog was pleased with you.
You were not hungry.

You visited 1 branch of the dungeon, and saw 3 of its levels.

You collected 114 gold pieces.

Inventory:

Hand Weapons
 a - a +0 hand axe (weapon)
Missiles
 g - 21 arrows
 i - 65 stones (quivered)
 l - 12 poisoned darts
 r - 23 bolts
Armour
 b - a +0 animal skin (worn)
Jewellery
 f - a +4 ring of protection {unknown}
 m - a +4 ring of slaying {unknown}
Scrolls
 d - a scroll of magic mapping
 h - a scroll of remove curse {unknown}
 o - 3 scrolls of identify {unknown}
 p - a scroll of fog {unknown}
Potions
 e - 3 potions of flight {unknown}
 j - a potion of stabbing {unknown}
 k - a potion of magic {unknown}
 n - a potion of curing {unknown}
Comestibles
 c - 3 rations
 q - a chunk of flesh


   Skills:
 - Level 3.6 Fighting
 + Level 7.1 Axes
 - Level 2.1 Armour
 - Level 1.5 Dodging


You had 3 spell levels left.
You didn't know any spells.
Your spell library was empty.

Dungeon Overview and Level Annotations

Branches:
Dungeon (3/15)

Altars:
Ru
Sif Muna
Uskayaw
Xom


Message History

You hit the orc.
You kill the orc!
Trog accepts your kill. The orc priest barely misses you.
Unknown command.
You hit the orc priest but do no damage.
The orc priest is severely wounded.
The orc priest misses you.
Unknown command.
You hit the orc priest but do no damage.
The orc priest is severely wounded.
The orc priest hits you.
* * * LOW HITPOINT WARNING * * *
Unknown command.
You barely miss the orc priest.
The orc priest is severely wounded.
The orc priest shouts, "Beogh is our master!
Accept the truth or die!"
The orc priest mumbles some strange prayers to Beogh against you.
Beogh smites you!
You die...

######### #######
#.......# #.....#
#.#####.#
########.....####.#####.#
.....................##.#
#######......####.##.##.#
##......# #.......#
#.....#########.####
##....# #o@....# #..#.#
#)###### #....# #.#
##.### #.# ##'## #.#
##...## #.# ##.....## #.#
# ##............
####.....>...##o#


You could see an orc priest.

Vanquished Creatures
  An orc wizard (D:3)
  A gnoll (D:1)
  An ooze (D:3)
  3 dart slugs (D:1)
  3 leopard geckos
  4 orcs (D:3)
  A giant cockroach (D:1)
  2 goblins
  7 hobgoblins
  4 jackals (D:1)
  4 bats
  5 frilled lizards
  6 kobolds
  5 rats
47 creatures vanquished.

Notes
Turn   | Place    | Note
-------+----------+-------------------------------------------
     0 | D:1      | DeepDeath the Hill Orc Berserker began the quest for the
                  | Orb.
     0 | D:1      | Reached XP level 1. HP: 19/19 MP: 1/1
    94 | D:1      | Reached XP level 2. HP: 6/26 MP: 2/2
   442 | D:1      | Reached skill level 5 in Axes
   760 | D:1      | Reached XP level 3. HP: 22/31 MP: 3/3
   761 | D:1      | Reached ** piety under Trog
   998 | D:1      | Reached skill level 6 in Axes
  1642 | D:3      | Reached XP level 4. HP: 39/39 MP: 4/4
  1650 | D:3      | Found a shimmering blue altar of Sif Muna.
  1651 | D:3      | Found a hide-covered altar of Uskayaw.
  1651 | D:3      | Found a sacrificial altar of Ru.
  1669 | D:3      | Found a shimmering altar of Xom.
  1842 | D:3      | Reached skill level 7 in Axes
  1950 | D:3      | Killed from afar by an orc priest

Illustrated notes

Levels and vault maps discovered:
D:1:      scummos_arrival_simple_fountains, layout_basic
D:2:      layout_basic, hangedman_decor_points, minivault_25
D:3:      layout_loops_corners, nicolae_overflow_quartered_altars,
          marbit_many_paths, uniq_sigmund

Skill      XL: |  1  2  3  4 |
---------------+-------------+-----
Axes           | 5 6 7 |  7.1
Fighting       | |  3.6
Armour         | |  2.1
Dodging        | |  1.5

Action                   |  1- 3 |  4- 6 || total
-------------------------+-------+-------++-------
Melee: Hand axe          |   121 |    42 ||   163
Invok: Berserk           |     3 |       ||     3
       Trog's Hand       |       |     3 ||     3
  Use: Scroll            |     3 |       ||     3
 Stab: Sleeping          |     1 |     2 ||     3
  Eat: Chunk             |     4 |     3 ||     7
Armor: Animal skin       |    23 |     5 ||    28
Dodge: Dodged            |    79 |    18 ||    97
